 Dungeon Sprint DCSS version 0.21-a0-396-ga924934 (webtiles) character file.

32 Kidiri the Magician (level 3, 0/19 HPs)
             Began as a Deep Elf Fire Elementalist on Oct 19, 2017.
             Slain by a water elemental (19 damage)
             ... in the Dungeon (Sprint III: "The Ten Rune Challenge").
             The game lasted 00:04:16 (422 turns).

Kidiri the Magician (Deep Elf Fire Elementalist)     Turns: 422, Time: 00:04:17

Health: 0/19       AC:  2    Str:  5    XL:     3   Next: 10%
Magic:  8/12       EV: 13    Int: 24    God:
Gold:   34         SH:  0    Dex: 15    Spells: 5/14 levels left

rFire    . . .     SeeInvis .   (no weapon)
rCold    . . .     Gourm    .   (no shield)
rNeg     . . .     Faith    .   a - +0 robe
rPois    .         Spirit   .   (no helmet)
rElec    .         Reflect  .   (no cloak)
rCorr    .         Harm     .   (no gloves)
MR       .....     NoTele   +   (no boots)
Stlth    ++........             (no amulet)
HPRegen  0.06/turn              (no ring)
MPRegen  0.13/turn              (no ring)

@: no status effects
A: clever 2, wild magic 1
a: no special abilities


You were in the Dungeon.
You were not hungry.

You visited 1 branch You collected 34 gold pieces.

Inventory:

Armour
 a - a +0 robe (worn)
Scrolls
 i - a scroll of blinking
 j - 5 scrolls of remove curse
 m - a scroll of holy word {unknown}
 n - 4 scrolls of identify
 q - a scroll of torment {unknown}
Potions
 d - a potion of curing
 e - a potion of heal wounds
 f - a potion of haste
 g - 2 potions of magic
 h - a potion of berserk rage
 l - 3 potions of mutation
 p - 2 potions of flight
 r - a potion of cancellation {unknown}
Books
 b - a book of Flames

   Spells                             Type                      Level
   a - Flame Tongue                   Conjuration/Fire             1
   b - Throw Flame                    Conjuration/Fire             2
   c - Conjure Flame                  Conjuration/Fire             3
   d - Inner Flame                    Hexes/Fire                   3
   e - Sticky Flame                   Conjuration/Fire             4
   f - Fireball                       Conjuration/Fire             5
Comestibles
 c - a bread ration
 o - 2 royal jellies


   Skills:
 - Level 2.4 Dodging
 - Level 2.4 Stealth
 * Level 6.4 Spellcasting
 + Level 3.4 Conjurations
 + Level 4.7 Fire Magic


You had 5 spell levels left.
You knew the following spells:

 Your Spells              Type           Power        Failure   Level  Hunger
a - Flame Tongue          Conj/Fire      #####        2%          1    None
b - Throw Flame           Conj/Fire      #####.       4%          2    None
c - Conjure Flame         Conj/Fire      #####...     7%          3    None
d - Inner Flame           Hex/Fire       ###.....     13%         3    None


Dungeon Overview and Level Annotations

Branches:
Dungeon (1/1)

Altars:


Innate Abilities, Weirdness & Mutations

Your mind is very acute. (Int +4)
Your spells are a little harder to cast, but a little more powerful.


Message History

Press: ? - help, Shift-Dir - straight line, f - water elemental
Aim: a water elemental
Okay, then.
Unknown command.
Casting: Throw Flame
Confirm with . or Enter, or press ? or * to list all spells.
Aiming: Conjure Flame
Press: ? - help, Dir - move target cursor The fire ignites!
Casting: Conjure Flame
Confirm with . or Enter, or press ? or * to list all spells.
Aiming: Flame Tongue
Press: ? - help, Shift-Dir - straight line, f - water elemental
Aim: a water elemental (flame)
The flame tongue hits the water elemental.
The water elemental appears unharmed.
The water elemental is engulfed in blazing flames.
The water elemental hits you!!
Ouch! That really hurt!
You die...

▓▓▓▓▓▓▓▓▓▓ ▓▓▓
<.#..'...♣♣♣ ♣.#
..#..#.....♣ ♣♣.#
#'####....♣♣♣ ♣..#
.....#....≈.♣♣♣.@#
.....#...≈≈♣♣...E#
.....#..≈≈≈≈♣♣.♣.§.⌠....
####'#..≈≈≈≈≈≈...#...###
.....#.≈≈≈≈≈≈....#.⌠.#
.....#.≈≈≈≈≈.....# ..#
.....#.≈≈≈.......# ###
'#####...........#
.................#


You could see a water elemental.

Vanquished Creatures
  A human (D)
  2 oozes (D)
  A phantom (D)
  2 rats (D)
6 creatures vanquished.

Vanquished Creatures (others)
  2 draconian scorchers (D)
  A yaktaur (D)
  6 hellions (D)
9 creatures vanquished.

Grand Total: 15 creatures vanquished

Notes
Turn   | Place    | Note
-------+----------+-------------------------------------------
     0 | D        | Kidiri the Deep Elf Fire Elementalist began the quest for the Orb.
     0 | D        | Reached XP level 1. HP: 10/10 MP: 6/6
     6 | D        | Reached skill level 4 in Spellcasting
    88 | D        | Killed a hellion
    90 | D        | Killed a hellion
   135 | D        | Killed a hellion
   137 | D        | Killed a yaktaur
   170 | D        | Reached XP level 2. HP: 15/15 MP: 5/9
   176 | D        | Reached skill level 5 in Spellcasting
   196 | D        | Killed a hellion
   199 | D        | Killed a white draconian scorcher
   243 | D        | Killed a white draconian scorcher
   247 | D        | Killed a hellion
   250 | D        | Killed a hellion
   281 | D        | Learned a level 2 spell: Throw Flame
   309 | D        | Gained mutation: You are resistant to hostile enchantments. (MR+) [potion of mutation]
   309 | D        | Gained mutation: You expend magic power (3 MP) to strengthen your wands. [potion of mutation]
   309 | D        | Gained mutation: You are highly resistant to hostile enchantments. (MR++) [potion of mutation]
   310 | D        | Lost mutation: You are highly resistant to hostile enchantments. (MR++) [potion of mutation]
   310 | D        | Lost mutation: You expend magic power (3 MP) to strengthen your wands. [potion of mutation]
   310 | D        | Lost mutation: You are resistant to hostile enchantments. (MR+) [potion of mutation]
   310 | D        | Gained mutation: Your spells are a little harder to cast, but a little more powerful. [potion of mutation]
   310 | D        | Gained mutation: Your mind is acute. (Int +2) [potion of mutation]
   310 | D        | Gained mutation: Your mind is very acute. (Int +4) [potion of mutation]
   324 | D        | Reached skill level 6 in Spellcasting
   324 | D        | Reached XP level 3. HP: 19/19 MP: 2/12
   409 | D        | Noticed a water elemental
   416 | D        | Learned a level 3 spell: Conjure Flame
   420 | D        | Learned a level 3 spell: Inner Flame
   422 | D        | Slain by a water elemental

Vault maps used:
D:        dungeon_sprint_mu

Skill      XL: |  1  2 |
---------------+-------+-----
Spellcasting   | 4 6 |  6.4
Conjurations   | 2 3 |  3.4
Fire Magic     | 4 |  4.7
Dodging        | |  2.4
Stealth        | |  2.4

Action                   || total
-------------------------++-------
Melee: Unarmed           ||     1
 Cast: Flame Tongue      ||    15
       Throw Flame       ||     3
       Conjure Flame     ||     1
  Use: Potion            ||     2

Table legend:
 A = Spawn XP
 B = Non-spawn XP
 C = Spawn XP percentage of total XP
 D = Spawn monster count
 E = Non-spawn monster count
 F = Spawn count percentage of total count
 G = Total turns spent on level
                    A         B        C        D         E        F      G
               +---------+---------+-------+---------+---------+-------+---------
         Total |       0 |      47 |   0.0 |       0 |       6 |   0.0 |   422
               +---------+---------+-------+---------+---------+-------+---------
             D |       0 |      47 |   0.0 |       0 |       6 |   0.0 |   422
               +---------+---------+-------+---------+---------+-------+---------
